 Dungeon Crawl Stone Soup version 0.30-a0-782-ge64f9170bb (webtiles) character file.

Game seed: 2114494511452391776

1887 Barriton the Conjurer (level 8, -4/61 HPs)
             Began as a Green Draconian Conjurer on Feb 28, 2023.
             Slain by a bullfrog (6 damage)
             ... on level 7 of the Dungeon.
             The game lasted 00:18:51 (7822 turns).

Barriton the Conjurer (Green Draconian Conjurer)    Turns: 7822, Time: 00:18:51

Health: -4/61      AC:  8    Str: 11    XL:     8   Next: 92%
Magic:  0/17       EV: 12    Int: 20    God:
Gold:   375        SH:  0    Dex:  9    Spells: 9/19 levels left

rFire   + . .      SeeInvis .    l - staff of death
rCold   x . .      Faith    .    (no shield)
rNeg    + . .      Spirit   +    (body armour unavailable)
rPois   +          Reflect  .    (helmet restricted)
rElec   .          Harm     .    c - +0 cloak
rCorr   .          Rampage  .    (no gloves)
Will    .....                    a - +0 pair of boots
Stlth   ++                       b - amulet of guardian spirit
HPRegen 0.30/turn                i - ring of fire
MPRegen 0.15/turn                (no ring)

@: short of breath
A: breathe noxious fumes, AC +6, unfitting armour, poison resistance,
cold-blooded
a: Breathe Noxious Fumes


You were on level 7 of the Dungeon.
You visited 2 branches of the dungeon, and saw 8 of its levels.

You collected 375 gold pieces.

Inventory:

Hand Weapons
 f - a +0 spear of flaming
Armour
 a - a +0 pair of boots (worn)
 c - a +0 cloak (worn)
Magical Staves
 l - a staff of death (weapon)
Jewellery
 b - an amulet of guardian spirit (around neck)
 i - a ring of fire (left hand)
Wands
 p - a wand of flame (26)
 r - a wand of acid (7)
Scrolls
 d - 2 scrolls of magic mapping
 h - 2 scrolls of immolation
 k - a scroll of brand weapon
 n - 3 scrolls of teleportation
 q - a scroll of identify
Potions
 e - a potion of invisibility
 g - 4 potions of curing
 j - a potion of heal wounds
 m - a potion of lignification
 o - a potion of might
 s - a potion of berserk rage


   Skills:
 + Level 2.2 Fighting
 - Level 1.0(1.5) Polearms
 + Level 1.8(2.0) Staves
 + Level 3.7 Dodging
 + Level 3.2 Stealth
 + Level 1.3 Unarmed Combat
 + Level 6.1 Spellcasting
 + Level 7.4 Conjurations
 + Level 2.5 Necromancy
 + Level 0.4 Transmutations
 + Level 1.9 Air Magic
 + Level 1.9 Poison Magic


You had 9 spell levels left.
You knew the following spells:

 Your Spells              Type           Power      Damage    Failure   Level
a - Magic Dart            Conj           100%       1d8       1%          1
b - Searing Ray           Conj           72%        2d7       1%          2
c - Beastly Appendage     Tmut           14%        N/A       9%          1
d - Necrotise             Necr           96%        1d8       3%          1
e - Mephitic Cloud        Conj/Pois/Air  21%        N/A       7%          3
f - Poisonous Vapours     Pois/Air       26%        N/A       7%          2

Your spell library contained the following spells:

 Spells                   Type           Power      Damage    Failure   Level
 Momentum Strike          Conj/Tloc      42%        3d9       3%          2
 Cigotuvi's Dreadful Rot  Necr/Pois/Air  42%        N/A       7%          2
 Dazzling Flash           Conj/Hex       42%        N/A       7%          3
 Vampiric Draining        Necr           24%        2d7       11%         3
 Wereblood                Tmut           7%         N/A       13%         2
 Blink                    Tloc           12%        N/A       16%         2
 Lesser Beckoning         Tloc           12%        N/A       16%         2
 Spider Form              Tmut/Pois      10%        N/A       19%         3
 Fulminant Prism          Conj/Hex       10%        3d8       22%         4
 Iskenderun's Mystic Bla  Conj/Tloc      21%        2d6       22%         4
 Gell's Gravitas          Tloc           6%         N/A       30%         3
 Teleport Other           Tloc           6%         N/A       30%         3
 Agony                    Necr           24%        N/A       71%         5


Dungeon Overview and Level Annotations

Branches:
Dungeon (7/15)             Temple (1/1) D:5

Altars:
Ashenzari
Dithmenos
Hepliaklqana
Kikubaaqudgha
Makhleb
Okawaru
Qazlal
Ru
Sif Muna
Trog
Wu Jian
Zin
The Shining One


Innate Abilities, Weirdness & Mutations

You can breathe blasts of noxious fumes.
Your lurid green scales are hard. (AC +6)
You cannot fit into any form of body armour.
Your system is resistant to poisons. (rPois)
You are cold-blooded and may be slowed by cold attacks.


Message History

You feel much better.
The two-headed ogre grins madly.
The bullfrog hits you but does no damage.
You hit the bullfrog.
The bullfrog is heavily wounded.
The two-headed ogre seems less confused.
The bullfrog closely misses you. The bullfrog hits you.
You closely miss the bullfrog.
The bullfrog is heavily wounded.
The kobold brigand hits the two-headed ogre with a +0 whip.
The two-headed ogre closely misses you. The two-headed ogre barely misses you.
The bullfrog completely misses you.
You closely miss the bullfrog.
The bullfrog is heavily wounded.
The bullfrog closely misses you.
The kobold brigand hits the two-headed ogre with a +0 whip.
The two-headed ogre hits you with a +0 giant spiked club!
The two-headed ogre misses you. The bullfrog hits you.
You hit the bullfrog.
The bullfrog is heavily wounded.
The bullfrog barely misses you.
The bullfrog hits you but does no damage.
The two-headed ogre closely misses you. The two-headed ogre barely misses you.
Casting: Necrotise (safe; 3% risk of failure)
Confirm with . or Enter, or press ? or * to list all spells.
Aiming: Magic Dart (safe; 1% risk of failure)
Press: ? - help, Shift-Dir - straight line, f - two-headed ogre, p - kobold brigand
Aim: a two-headed ogre, wielding two +0 giant spiked clubs (lightly wounded, 100% to hit)
The magic dart hits the two-headed ogre!
The two-headed ogre is moderately wounded.
The bullfrog hits you but does no damage.
The kobold brigand hits the two-headed ogre with a +0 whip!
Okay, then.
You closely miss the bullfrog.
The bullfrog is heavily wounded.
The bullfrog hits you.
The two-headed ogre hits you with a +0 giant spiked club!!
* * * LOW HITPOINT WARNING * * *
The two-headed ogre barely misses you. The bullfrog hits you.
You die...

#.# #. # # .#.#.#. #.
# ..)..#. .. .. .####
....... #.#####. ....
<..).). #....#.. ##...
......)#### .......
#...# #..)# #.#..## #
##...#
#.#)###.....###.##.#..
#..KO@FK...........###
#..)#####....###.#.# #
#...#............#.# #
#<..#.####...#.#.#.#
#.#.#.##....>......###
#......#.###.###.#....
####...#.#.......#....
#...#.#...#####....
#...#.....# #....


You could see a two-headed ogre, a kobold brigand (confused), a bullfrog and a
kobold.

Vanquished Creatures
  Sigmund (D:3)
  A water moccasin (D:3)
  A sky beast (D:5)
  An orc warrior (D:7)
  An ice beast (D:7)
  A centaur (D:5)
  2 ogres
  2 phantoms
  2 kobold brigands
  2 scorpions
  2 hounds
  5 orc priests
  2 iguanas
  5 orc wizards
  9 adders
  4 gnolls
  A shadow imp (D:7)
  2 white imps
  2 ufetubi (D:6)
  A worm (D:3)
  9 dart slugs
  20 orcs
  7 bats
  6 endoplasms
  2 giant cockroaches (D:3)
  5 goblins
  8 hobgoblins
  3 jackals (D:5)
  7 quokkas
  4 ball pythons
  2 frilled lizards (D:1)
  19 kobolds
  6 rats
145 creatures vanquished.

Vanquished Creatures (others)
  An orc (D:7)
1 creature vanquished.

Grand Total: 146 creatures vanquished

Notes
Turn   | Place    | Note
-------+----------+-------------------------------------------
     0 | D:1      | Barriton the Draconian Conjurer began the quest for the
                  | Orb.
     0 | D:1      | Reached XP level 1. HP: 14/14 MP: 3/3
   125 | D:1      | Reached XP level 2. HP: 20/20 MP: 1/5
   781 | D:1      | Reached XP level 3. HP: 26/26 MP: 3/6
  1592 | D:2      | Reached skill level 5 in Conjurations
  1794 | D:2      | Found a faded altar of an unknown god.
  1991 | D:3      | Learned a level 2 spell: Searing Ray
  1993 | D:3      | Learned a level 1 spell: Beastly Appendage
  2072 | D:3      | Reached XP level 4. HP: 32/33 MP: 3/7
  2148 | D:3      | Noticed Sigmund
  2160 | D:3      | Killed Sigmund
  2161 | D:3      | Reached skill level 1 in Unarmed Combat
  2161 | D:3      | Reached XP level 5. HP: 33/38 MP: 3/10
  2331 | D:3      | Reached XP level 6. HP: 12/45 MP: 3/11
  2725 | D:3      | Reached skill level 6 in Conjurations
  2788 | D:3      | Noticed a water moccasin
  2812 | D:3      | Killed a water moccasin
  3393 | D:4      | Found a hazy altar of Hepliaklqana.
  3459 | D:4      | Your scales start taking on a lurid green colour.
  3459 | D:4      | Reached XP level 7. HP: 49/51 MP: 5/12
  3459 | D:4      | Gained mutation: Your system is resistant to poisons.
                  | (rPois) [Green Draconian growth]
  3549 | D:4      | You fall into a shaft and drop 1 floor!
  3549 | D:5      | Entered Level 5 of the Dungeon
  3728 | D:4      | Reached skill level 1 in Fighting
  3869 | D:4      | Learned a level 1 spell: Necrotise
  3911 | D:4      | Reached skill level 1 in Polearms
  3979 | D:4      | Reached skill level 1 in Staves
  4216 | D:4      | Reached skill level 1 in Necromancy
  4701 | D:4      | Learned a level 3 spell: Mephitic Cloud
  5035 | D:5      | Reached XP level 8. HP: 61/61 MP: 6/15
  5239 | D:5      | Reached skill level 5 in Spellcasting
  5688 | D:5      | Found a staircase to the Ecumenical Temple.
  5697 | Temple   | Entered the Ecumenical Temple
  5767 | D:5      | Learned a level 2 spell: Poisonous Vapours
  6213 | D:6      | Reached skill level 7 in Conjurations
  6503 | D:6      | Found an ancient bone altar of Kikubaaqudgha.
  7431 | D:7      | Reached skill level 1 in Poison Magic
  7804 | D:7      | Noticed a two-headed ogre
  7811 | D:7      | Reached skill level 1 in Air Magic
  7822 | D:7      | HP: 2/61 [two-headed ogre/+0 giant spiked club (25)]
  7822 | D:7      | Slain by a bullfrog

Illustrated notes

Levels and vault maps discovered:
D:1:      zelgadis_glass_arrival_small, layout_basic, minmay_pentomino_q2
D:2:      layout_loops_ring, dreamdust_ecumenical_altar_grove
D:3:      cheibrodos_thug_alley, layout_rooms, gup_sewer_entry_glass,
          uniq_sigmund
D:4:      layout_basic, lemuel_round_altar, wad_rectangle_vault
D:5:      layout_cave_pools, minmay_temple_entry_ruins, minmay_misc_feat_encased
D:6:      layout_basic, nicolae_kikubaaqudgha_miasma_corner
D:7:      kennysheep_housing_project, layout_basic, serial_bayou_pond_d,
          chequers_serial_rivers_marsh
Temple:   nicolae_temple_bog_church

Skill      XL: |  1  2  3  4  5  6  7  8 |
---------------+-------------------------+-----
Dodging        | 2 3 |  3.7
Conjurations   | 5 6 7 |  7.4
Stealth        | 2 3 |  3.2
Unarmed Combat | 1 |  1.3
Spellcasting   | 3 4 6 |  6.1
Fighting       | 2 |  2.2
Polearms       | 1 |  1.0
Staves         | 1 |  1.8
Necromancy     | 1 2 |  2.5
Poison Magic   | 1 |  1.9
Air Magic      | 1 |  1.9
Transmutations | |  0.4

Action                     |  1- 3 |  4- 6 |  7- 9 || total
---------------------------+-------+-------+-------++-------
  Melee: Unarmed           |    24 |       |       ||    24
         Tailslap          |     4 |     3 |    14 ||    21
         Spear             |     8 |    27 |       ||    35
         Staff             |       |       |    92 ||    92
         Headbutt          |       |       |     5 ||     5
         Punch             |       |       |     1 ||     1
   Cast: Magic Dart        |    72 |    53 |   108 ||   233
         Searing Ray       |       |     9 |    23 ||    32
         Necrotise         |       |       |    33 ||    33
         Mephitic Cloud    |       |       |     5 ||     5
         Poisonous Vapours |       |       |    13 ||    13
         Beastly Appendage |       |       |     5 ||     5
Ability: Breathe Noxious F |       |       |     1 ||     1
    Use: Scroll            |     6 |     5 |     7 ||    18
         Potion            |       |     4 |     3 ||     7
 Armour: Skin              |     9 |    12 |    66 ||    87
  Dodge: Dodged            |    33 |    30 |   121 ||   184

Table legend: (Time is in decaauts)
 A = Elapsed time spent in this place.
 B = Non-inter-level travel time spent in this place.
 C = Inter-level travel time spent in this place.
 D = Time resting spent in this place.
 E = Time spent auto-exploring this place.
 F = Levels seen in this place.
 G = Mean time per level.
                   A        B        C        D        E       F      G
               +--------+--------+--------+--------+--------+-----+--------+
         Total |   7845 |   7379 |    466 |      0 |   6329 |   8 |  980.6 |
       Dungeon |   7776 |   7320 |    456 |      0 |   6279 |   7 | 1110.9 |
        Temple |     69 |     59 |     10 |      0 |     49 |   1 |   69.0 |
               +--------+--------+--------+--------+--------+-----+--------+

Top non-repeatable levels by time:
     D:4: 1684 daAuts
     D:3: 1332 daAuts
     D:6: 1301 daAuts
     D:1: 1208 daAuts
     D:5: 965 daAuts
     D:2: 855 daAuts
     D:7: 426 daAuts
  Temple: 69 daAuts
